 Dungeon Crawl Stone Soup version 0.22-a0-348-gd16d139 (webtiles) character file.

21 Amnesiac the Cutter (level 2, -1/15 HPs)
             Began as a Vine Stalker Gladiator on Apr 9, 2018.
             Slain by a howler monkey (4 damage)
             ... on level 2 of the Dungeon.
             The game lasted 00:00:48 (550 turns).

Amnesiac the Cutter (Vine Stalker Gladiator)         Turns: 550, Time: 00:00:49

Health: -1/15      AC:  6    Str: 16    XL:     2   Next: 87%
Magic:  0/3        EV: 11    Int:  8    God:
Gold:   112        SH:  0    Dex: 15    Spells: 1/1 levels left

rFire    . . .     SeeInvis .   a - +0 rapier
rCold    . . .     Gourm    .   (no shield)
rNeg     . . .     Faith    .   j - +0 ring mail (curse)
rPois    .         Spirit   +   c - +0 helmet
rElec    .         Reflect  .   (no cloak)
rCorr    .         Harm     .   (no gloves)
MR       .....                  (no boots)
Stlth    +.........             (no amulet)
HPRegen  0.05/turn              (no ring)
MPRegen  0.08/turn              (no ring)

@: no status effects
A: fangs 2, magic shield, antimagic bite, no potion heal 3, rot immunity
a: no special abilities


You were on level 2 of the Dungeon.
You were not hungry.

You visited 1 branch of the dungeon, and saw 2 of its levels.

You collected 112 gold pieces.

Inventory:

Hand Weapons
 a - a +0 rapier (weapon)
Missiles
 d - 3 throwing nets (quivered)
Armour
 c - a +0 helmet (worn)
 j - a cursed +0 ring mail (worn)
Scrolls
 e - a scroll of remove curse {!r, unknown}
 i - a scroll of magic mapping {!r, unknown}
Potions
 b - a potion of agility {!q, unknown}
 g - a potion of invisibility {!q, unknown}
 k - a potion of berserk rage {!q, unknown}
Comestibles
 f - 3 rations
 h - 6 chunks of flesh


   Skills:
 - Level 1.7 Fighting
 + Level 3.6 Short Blades
 - Level 1.7 Throwing
 - Level 2.4 Dodging


You had one spell level left.
You didn't know any spells.

Dungeon Overview and Level Annotations

Branches:
Dungeon (2/15)

Altars:


Innate Abilities, Weirdness & Mutations

You have extremely sharp teeth.
When hurt, damage is shared between your health and your magic reserves.
Your bite disrupts and absorbs the magic of your enemies.
Potions cannot restore your health.
You are immune to rotting.


Message History

The quokka bites you but does no damage.
You closely miss the quokka. You bite the quokka, but do no damage.
The quokka is almost dead.
The quokka bites you but does no damage.
You miss the quokka. You bite the quokka, but do no damage.
The quokka is almost dead.
The quokka bites you.
You puncture the quokka!
You kill the quokka!
No target in view!
No target in view!
You start resting.
Magic restored.
You start resting.
Magic restored.
You start resting.
Some of the chunks of flesh in your inventory have rotted away.
HP restored.
All of the chunks of flesh in your inventory have rotted away.
You butcher the goblin corpse.
h - 2 chunks of flesh
Things that are here:
a club; a hobgoblin corpse No target in view!
You butcher the hobgoblin corpse.
h - 5 chunks of flesh (gained 3)
Things that are here:
a club; a hobgoblin skeleton
Things that are here:
a club; a hobgoblin skeleton You butcher the bat corpse.
h - 6 chunks of flesh (gained 1)
You now have 100 gold pieces (gained 8).
Things that are here:
a club; a hobgoblin skeleton Key pressed, stopping explore.
No target in view!
You now have 112 gold pieces (gained 12).
You open the door.
There is an open door here.
Found a stone staircase leading up.
No target in view!
There is an open door here.
A hobgoblin comes into view.
The hobgoblin shouts!
You hear a howl!
A hobgoblin is nearby!
A bat comes into view.
There are monsters nearby!
The hobgoblin hits you.
A howler monkey comes into view.
There are monsters nearby!
You barely miss the hobgoblin. The hobgoblin hits you.
You hit the hobgoblin.
You kill the hobgoblin!
The howler monkey hits you.
* * * LOW HITPOINT WARNING * * *
The bat closely misses you.
You barely miss the howler monkey. The bat misses you.
The howler monkey hits you.
* * * LOW HITPOINT WARNING * * *
You are too injured to fight recklessly!
You closely miss the howler monkey. The bat completely misses you.
The howler monkey hits you.
You die...

.#...............######
#....[..........#
.................#
.........#########
.........####
............#
...........######
................#
.........b@†....#
...........h....#
.......##.....#..#
....... ..##...#.#
........## ##....
...b..# #... ... #..
...# ..


You could see a howler monkey and a bat.

Vanquished Creatures
  2 giant cockroaches (D:1)
  3 goblins
  3 hobgoblins
  2 jackals (D:1)
  A kobold (D:1)
  A quokka (D:2)
  A ball python (D:1)
  4 bats
  A frilled lizard (D:1)
  A rat (D:1)
19 creatures vanquished.

Notes
Turn   | Place    | Note
-------+----------+-------------------------------------------
     0 | D:1      | Amnesiac the Vine Stalker Gladiator began the quest for the Orb.
     0 | D:1      | Reached XP level 1. HP: 11/11 MP: 2/2
    82 | D:1      | Reached skill level 3 in Short Blades
   172 | D:1      | Reached XP level 2. HP: 13/15 MP: 3/3
   546 | D:2      | Noticed a howler monkey
   550 | D:2      | Slain by a howler monkey

Vault maps used:
D:1:      grunt_arrival_lava_bath
D:2:      minmay_heptomino_w4

Skill      XL: |  1 |
---------------+----+-----
Short Blades   | 3 |  3.6
Fighting       | |  1.7
Throwing       | |  1.7
Dodging        | |  2.4

Action                   || total
-------------------------++-------
Melee: Rapier            ||    62
       Bite              ||    12
Armor: Leather armour    ||    11
       Skin              ||     1
       Ring mail         ||    19
Dodge: Dodged            ||    55

Table legend:
 A = Spawn XP
 B = Non-spawn XP
 C = Spawn XP percentage of total XP
 D = Spawn monster count
 E = Non-spawn monster count
 F = Spawn count percentage of total count
 G = Total turns spent on level
                    A         B        C        D         E        F      G
               +---------+---------+-------+---------+---------+-------+---------
         Total |       0 |      31 |   0.0 |       0 |      19 |   0.0 |   550
               +---------+---------+-------+---------+---------+-------+---------
           D:1 |       0 |      21 |   0.0 |       0 |      13 |   0.0 |   401
           D:2 |       0 |      10 |   0.0 |       0 |       6 |   0.0 |   149
               +---------+---------+-------+---------+---------+-------+---------
